 Dungeon Crawl Stone Soup version 0.18-a0-1782-gb76a692 (webtiles) character file.

1060 epen the Schismatic (level 8, 0/60 HPs)
             Began as a Demonspawn Abyssal Knight on Apr 17, 2016.
             Was an Elder of Lugonu.
             Succumbed to a water moccasin's poison
             ... on level 6 of the Dungeon.
             The game lasted 00:15:03 (8359 turns).

epen the Schismatic (Demonspawn Abyssal Knight)     Turns: 8359, Time: 00:15:04

Health: 0/60       AC: 10    Str: 18    XL:     8   Next: 6%
Magic:  4/4        EV: 11    Int: 14    God:    Lugonu [****..]
Gold:   207        SH:  0    Dex: 13    Spells: 0 memorised, 7 levels left

rFire  x . .     SeeInvis .     z - +0 mace "Feosirof" {freeze, MR+ MP-9 Str+3} (curse)
rCold  + . .     Gourm    .     o - +0 scale mail
rNeg   . . .     Faith    .     (no shield)
rPois  .         Spirit   .     (helmet restricted)
rElec  .         Dismiss  .     y - +2 cloak {+Inv}
rCorr  .         Reflect  .     (no gloves)
SustAt .         Harm     .     (no boots)
MR     +....     Clarity  +     (no amulet)
Stlth  +.........               B - +3 ring of dexterity
                                v - ring of ice

@: lethally poisoned (0 -> -4), somewhat resistant to hostile enchantments, very
unstealthy
A: antennae 2, talons 2, blurry vision 1, clarity, clumsy 1, mutation resistance
1, nightstalker 1
a: Depart the Abyss, Bend Space, Banish, Corrupt, Renounce Religion, Evoke
Invisibility


You were on level 6 of the Dungeon.
You worshipped Lugonu.
Lugonu was greatly pleased with you.
You were not hungry.

You visited 1 branch of the dungeon, and saw 6 of its levels.
You visited the Abyss 1 time.

You collected 207 gold pieces.

Inventory:

Hand Weapons
 a - a +2 falchion
 f - a +0 dagger of venom
 u - a +2 dagger of venom
 z - the cursed +0 mace "Feosirof" (weapon) {freeze, MR+ MP-9 Str+3}
   (You found it on level 4 of the Dungeon)

   It has been specially enchanted to freeze those struck by it, causing extra
   injury to most foes and up to half again as much damage against particularly
   susceptible opponents.
   It can also slow down cold-blooded creatures.
   It affects your strength (+3).
   It affects your resistance to hostile enchantments.
   It affects your magic capacity (-9).
   It has a curse placed upon it.
Armour
 b - a +0 leather armour
 o - a +0 scale mail (worn)
 t - a +0 ring mail
 y - a +2 cloak of invisibility (worn)
 C - the +1 leather armour "Racan" {*Confuse Str+5}
   (You found it on level 5 of the Dungeon)

   It affects your strength (+5).
   It may confuse you when you take damage.
Jewellery
 v - a ring of ice (left hand)
 B - a +3 ring of dexterity (right hand)
Wands
 r - a wand of digging (22/24)
 x - a wand of random effects (21/48)
Scrolls
 d - 2 scrolls of teleportation
 j - 2 scrolls of magic mapping
 q - a scroll of random uselessness
 D - a scroll of recharging
 E - a scroll of identify
Potions
 e - a potion of mutation {unknown}
 g - a potion of beneficial mutation {unknown}
 k - a potion of cure mutation {unknown}
 l - a potion of magic {unknown}
 m - 2 potions of brilliance
 s - a potion of agility
 w - a potion of ambrosia
 A - a potion of cancellation {unknown}
Comestibles
 c - 3 bread rations
 i - a meat ration
 n - 6 fruits
 p - a beef jerky
 G - a slice of pizza


   Skills:
 + Level 4.2 Fighting
 * Level 5.2 Long Blades
 + Level 3.3 Armour
 + Level 3.1 Dodging
 * Level 7.1 Invocations


You had 7 spell levels left.
You didn't know any spells.

Dungeon Overview and Level Annotations

Branches:
Dungeon (6/15)
 Temple: D:4-7

Altars:
Kikubaaqudgha
Okawaru
Pakellas
Qazlal
Trog
Xom

Annotations:
D:3 epen's ghost, weakling DsAK


Innate Abilities, Weirdness & Mutations

You have a pair of antennae on your head.
You have razor-sharp toenails.
You are slightly more attuned to the shadows.
Scrolls take you a little longer to read.
You possess an exceptional clarity of mind.
You are clumsy. (Dex -2)
You are somewhat resistant to further mutation.


Message History

The water moccasin barely misses you.
You closely miss the water moccasin. Your kick misses the water moccasin.
The water moccasin is heavily wounded.
The water moccasin bites you.
* * * LOW HITPOINT WARNING * * *
The water moccasin bites you but does no damage.
You sock the water moccasin!
The water moccasin seems to slow down.
You freeze the water moccasin.
The water moccasin is almost dead.
The water moccasin bites you.
* * * LOW HITPOINT WARNING * * *
The water moccasin bites you.
* * * LOW HITPOINT WARNING * * *
You are lethally poisoned!
The water moccasin poisons you!
* * * LOW HITPOINT WARNING * * *
You feel sick.
* * * LOW HITPOINT WARNING * * *
You feel sick.
You die...

............
$.........#
........>$#
......%...#
#####†####
########
#S######.)....#
#........####.##
#......#.##.....
##.#@....<..#
#.#####.#### #.#
#... #.......###
..####### ##.#
#.# #.# ..#


You could see a water moccasin.

Vanquished Creatures
  Edmund (D:6)
  A sky beast (D:4)
  2 ogres
  A scorpion (D:6)
  2 hounds (D:4)
  2 giant frog skeletons (D:4)
  2 orc priests (D:4)
  Crazy Yiuf (D:4)
  2 iguanas (D:4)
  2 orc wizards (D:3)
  3 worker ants
  A worker ant zombie (D:6)
  Robin (D:4)
  6 gnolls
  4 adders
  An adder skeleton (D:5)
  3 dart slugs
  5 giant geckos
  15 orcs
  13 bats
  4 giant cockroaches
  13 goblins
  14 hobgoblins
  A jackal (D:3)
  2 quokkas (D:4)
  2 ball pythons
  A ball python skeleton (D:4)
  6 giant newts
  10 kobolds
  7 rats
128 creatures vanquished.

Vanquished Creatures (others)
  A boulder beetle (D:3)
  An orc (D:4)
2 creatures vanquished.

Grand Total: 130 creatures vanquished

Notes
Turn   | Place    | Note
--------------------------------------------------------------
     0 | Abyss:1  | epen the Demonspawn Abyssal Knight began the quest for the Orb.
     0 | Abyss:1  | Reached XP level 1. HP: 18/18 MP: 2/2
    19 | Abyss:1  | Found a corrupted altar of Lugonu.
    79 | Abyss:1  | Found a corrupted altar of Lugonu.
    86 | Abyss:1  | Found a corrupted altar of Lugonu.
    95 | D:1      | Escaped the Abyss
   130 | D:1      | Reached skill level 1 in Dodging
   262 | D:1      | Gained mutation: You are slightly more attuned to the shadows. [demonic ancestry]
   262 | D:1      | Reached XP level 2. HP: 18/24 MP: 4/4
   304 | D:1      | Reached skill level 3 in Invocations
   770 | D:2      | Reached ** piety under Lugonu
   784 | D:2      | Reached XP level 3. HP: 26/29 MP: 5/5
  1094 | D:2      | Found an ancient bone altar of Kikubaaqudgha.
  1221 | D:2      | Found a faded altar to an unknown god.
  1533 | D:2      | Found a stormy altar of Qazlal.
  1762 | D:3      | Found a bloodstained altar of Trog.
  1845 | D:3      | Reached skill level 4 in Invocations
  1845 | D:3      | Gained mutation: You have a pair of small antennae on your head. [demonic ancestry]
  1845 | D:3      | Reached XP level 4. HP: 27/35 MP: 5/7
  2279 | D:3      | Found an oddly glowing altar of Pakellas.
  2282 | D:3      | Noticed a boulder beetle
  2290 | D:3      | Killed a boulder beetle
  3039 | D:3      | Noticed epen's ghost (weakling DsAK)
  3337 | D:3      | Reached *** piety under Lugonu
  3467 | D:3      | Gained mutation: You have sharp toenails. [demonic ancestry]
  3467 | D:3      | Reached XP level 5. HP: 25/41 MP: 8/8
  3794 | D:4      | Noticed a sky beast
  3860 | D:4      | Reached skill level 5 in Invocations
  4064 | D:4      | Found an iron altar of Okawaru.
  4121 | D:4      | Noticed an ogre
  4447 | D:4      | Killed a sky beast
  4447 | D:4      | Gained mutation: You have a pair of antennae on your head. [demonic ancestry]
  4447 | D:4      | Reached XP level 6. HP: 21/47 MP: 8/10
  4452 | D:4      | Gained mutation: Scrolls take you a little longer to read. [mutagenic meat]
  4454 | D:4      | Gained mutation: You possess an exceptional clarity of mind. [mutagenic meat]
  4455 | D:4      | Gained mutation: You are clumsy. (Dex -2) [mutagenic meat]
  4457 | D:4      | Gained mutation: You are somewhat resistant to further mutation. [mutagenic meat]
  5513 | D:4      | Found a shimmering altar of Xom.
  5513 | D:4      | Found a shimmering altar of Xom.
  5516 | D:4      | Found a shimmering altar of Xom.
  5658 | D:4      | Gained mutation: You have razor-sharp toenails. [demonic ancestry]
  5658 | D:4      | Reached XP level 7. HP: 27/52 MP: 11/11
  5664 | D:4      | Reached skill level 6 in Invocations
  6198 | D:4      | Noticed Robin
  6248 | D:4      | Killed Robin
  6248 | D:4      | Reached **** piety under Lugonu
  6829 | D:4      | Noticed Crazy Yiuf
  6848 | D:4      | Killed Crazy Yiuf
  7127 | D:4      | Got a crystal mace
  7130 | D:4      | Identified the cursed +0 mace "Feosirof" {freeze, MR+ MP-9 Str+3} (You found it on level 4 of the Dungeon)
  7258 | D:5      | Entered Level 5 of the Dungeon
  7868 | D:5      | Got an ancient leather armour
  7879 | D:5      | Identified the +1 leather armour "Racan" {*Confuse Str+5} (You found it on level 5 of the Dungeon)
  8052 | D:6      | Noticed Edmund
  8072 | D:6      | Killed Edmund
  8072 | D:6      | Reached skill level 5 in Long Blades
  8072 | D:6      | Reached skill level 7 in Invocations
  8321 | D:6      | Reached XP level 8. HP: 57/60 MP: 4/13
  8356 | D:6      | HP: 2/60 [water moccasin (3)]
  8359 | D:6      | Succumbed to a water moccasin's poison

Vault maps used:
D:1:      dpeg_arrival_chase
D:2:      nicolae_overflow_crystal_walls, lemuel_round_altar,
          ecumenical_altar_1, first_bread, amethyst_killhole,
          kennysheep_generic_room_11
D:3:      wad_river_or_something, gammafunk_pakellas_spire_experiment,
          bloody_trog
D:4:      xom_redecorated, marbit_many_paths, uniq_robin,
          uniq_crazy_yiuf_cottage
D:6:      overflow_temple_1_default, serial_shops, shop, uniq_edmund

Skill      XL: |  1  2  3  4  5  6  7 |
---------------+----------------------+-----
Long Blades    | 2 3 4 5 |  5.2
Dodging        | 1 2 3 |  3.1
Invocations    | 3 4 5 7 |  7.1
Armour         | 2 3 |  3.3
Fighting       | 4 |  4.2

Action                   |  1- 3 |  4- 6 |  7- 9 || total
-------------------------+-------+-------+-------++-------
Melee: Falchion          |   117 |       |       ||   117
       Dagger            |    14 |   202 |   107 ||   323
       Kick              |       |    25 |    37 ||    62
       Mace              |       |       |    74 ||    74
Invok: Banish            |       |       |     1 ||     1
  Use: Scroll            |    10 |       |     2 ||    12
       Potion            |       |       |     1 ||     1
 Stab: Sleeping          |     6 |     5 |     2 ||    13
       Distracted        |       |     1 |       ||     1
  Eat: Chunk             |     3 |    17 |     5 ||    25
       Meat ration       |       |       |     1 ||     1
Armor: Leather armour    |    47 |       |       ||    47
       Ring mail         |    15 |    33 |    37 ||    85
       Scale mail        |       |       |    19 ||    19
Dodge: Dodged            |    87 |   103 |    95 ||   285
